AoeStats
← AdolfH

Black Forest

505983054Analyzed
1v1 RM · 20d ago on Sep 11, 2026· 60m 49s· 2 players
Game mode
Random Map
Map size
Tiny (2 player)
Population
200
Speed
Normal
Resources
Standard
Victory
Conquest
Starting age
Dark Age
Ending age
Imperial Age
RankedLock teamsTeams togetherTeam positionsShared explorationLock speedFull tech treeHidden civsTurbo modeCheats
Victory
Defeat
🇭🇺 Turks · Hungary
602
+16
🇲🇽 Italians · Mexico
607
-30
ZergeNN
0:32 Loom
13:42 Feudal Age
17:34 Castle Age
17:59 Stone Mining
17:56 Double-Bit Axe
17:59 Town Watch
20:38 Bow Saw
24:22 Horse Collar
25:45 Heavy Plow
27:56 Gold Mining
28:47 Wheelbarrow
34:42 Imperial Age
32:13 Town Patrol
33:25 Hand Cart
34:17 Gold Shaft Mining
35:34 Scale Mail Armor
35:39 Scale Barding Armor
35:25 Fletching
35:36 Padded Archer Armor
36:45 Forging
36:50 Chain Mail Armor
38:30 Two-Man Saw
38:42 Masonry
38:54 Ballistics
40:52 Guilds
42:59 Artillery
43:20 Conscription
43:36 Hoardings
42:22 Elite Janissary
44:36 Architecture
44:02 Murder Holes
44:17 Fortified Wall
43:48 Treadmill Crane
45:09 Iron Casting
45:05 Plate Mail Armor
44:55 Chain Barding Armor
44:30 Bodkin Arrow
44:50 Leather Archer Armor
48:56 Blast Furnace
47:24 Heavy Camel Rider
48:05 Husbandry
51:52 Plate Barding Armor
51:18 Bracer
51:48 Ring Archer Armor
55:27 Cavalier
56:18 Bloodlines
AdolfH
10:49 Feudal Age
11:25 Horse Collar
13:20 Double-Bit Axe
15:22 Gold Mining
19:16 Stone Mining
22:28 Castle Age
23:29 Heavy Plow
23:41 Bow Saw
24:10 Stone Shaft Mining
26:38 Murder Holes
27:03 Ballistics
26:55 Masonry
26:32 Treadmill Crane
27:13 Ballistics
29:33 Imperial Age
27:39 Wheelbarrow
26:52 Town Watch
27:59 Masonry
27:51 Fletching
29:07 Bodkin Arrow
30:19 Hand Cart
30:02 Loom
30:04 Town Watch
31:12 Crop Rotation
32:05 Town Patrol
34:05 Hoardings
33:54 Conscription
34:10 Fervor
34:22 Sanctity
34:42 Architecture
34:31 Padded Archer Armor
35:05 Bracer
37:08 Leather Archer Armor
37:59 Chemistry
36:47 Arrowslits
38:23 Two-Man Saw
37:25 Elite Genoese Crossbowman
42:07 Husbandry
42:18 Bloodlines
42:22 Cavalier
45:34 Ring Archer Armor
45:15 Forging
45:10 Scale Barding Armor
46:30 Guilds
47:40 Iron Casting
50:49 Blast Furnace
50:10 Chain Barding Armor
Connection lost

Rejoining the realm…

Still unreachable

The connection could not be restored.

Session expired

The server has moved on; the page needs a fresh start.